 Dungeon Crawl Stone Soup version 0.26-a0-958-gf3041fb45f (webtiles) character file.

Game seed: 14511916456327588461

58 miscthings the Slasher (level 3, -1/29 HPs)
             Began as a Mummy Fighter on Dec 2, 2020.
             Slain by an adder (4 damage)
             ... on level 3 of the Dungeon.
             The game lasted 00:02:17 (1363 turns).

miscthings the Slasher (Mummy Fighter)              Turns: 1363, Time: 00:02:18

Health: -1/29      AC:  7    Str: 19    XL:     3   Next: 75%
Magic:  3/3        EV: 13    Int:  8    God:
Gold:   80         SH:  5    Dex: 17    Spells: 2/2 levels left

rFire    x . .     SeeInvis .   a - +0 long sword
rCold    + . .     Faith    .   g - +0 buckler
rNeg     + + +     Spirit   .   b - +0 scale mail
rPois    ∞         Reflect  .   l - +0 helmet
rElec    .         Harm     .   (no cloak)
rCorr    .         Rampage  .   (no gloves)
MR       .....                  (no boots)
Stlth    ..........             (no amulet)
HPRegen  0.09/turn              f - +4 ring of evasion
MPRegen  0.08/turn              m - +6 ring of dexterity

@: no status effects
A: no potions, fire vulnerability, cold resistance 1, negative energy resistance
3, torment resistance, unbreathing
a: no special abilities


You were on level 3 of the Dungeon.
You visited 1 branch of the dungeon, and saw 3 of its levels.

You collected 80 gold pieces.

Inventory:

Hand Weapons
 a - a +0 long sword (weapon)
 e - a +0 dagger of draining
 h - a +1 spear of freezing
 i - a +1 mace of draining
 j - a cursed -1 hand axe
Armour
 b - a +0 scale mail (worn)
 c - a +0 kite shield
 g - a +0 buckler (worn)
 l - a +0 helmet (worn)
Jewellery
 f - a +4 ring of evasion (left hand)
 m - a +6 ring of dexterity (right hand)
Scrolls
 d - 4 scrolls of identify {unknown}
 k - a scroll of teleportation {unknown}
 n - a scroll of fog {unknown}


   Skills:
 - Level 3.0 Fighting
 + Level 3.4 Long Blades
 - Level 2.4 Armour
 - Level 2.4 Shields


You had 2 spell levels left.
You didn't know any spells.
Your spell library was empty.

Dungeon Overview and Level Annotations

Branches:
Dungeon (3/15)

Altars:

Annotations:
D:3 Grinder


Innate Abilities, Weirdness & Mutations

You do not drink.
Your flesh is vulnerable to fire.
You are immune to poison.
Your flesh is cold resistant. (rC+)
You are immune to negative energy. (rN+++)
You are immune to unholy pain and torment.
You can survive without breathing.


Message History

Grinder is severely wounded.
Grinder barely misses you.
You closely miss Grinder.
Grinder is severely wounded.
Grinder gestures at you.
You suddenly lose the ability to move!
Grinder hits you! Grinder hits you!
* * * LOW HITPOINT WARNING * * *
Grinder hits you but does no damage.
Grinder blinks!
You can move again.
Grinder blinks!
An adder comes into view.
The adder hisses angrily.
Grinder hits you.
* * * LOW HITPOINT WARNING * * *
Grinder says, "DUCK!"
Grinder blinks!
The adder bites you.
You die...

#!# ######....
#######.###.(.......
#..............# .g.
#.#####5#......# #.#
##.#####.##.....# #.#######
#######.......§..#.#.## #<.......
...........###.#.#.#.#######.....
######.........#S#.#.>....##.####
#...#.###.#@#.#......##.# #...#.#
#.#..........##.#
####...#.###.###.#......##5#
.........†..#.# #.#...).)...#
###.#...#.#.#.###...##..#####
.......#...<......###..#
....#..##.#.#.###..##...#
##.###.........# #.....#.# #.
##.##.##### #..##...#


You could see an adder.

Vanquished Creatures
  An adder (D:2)
  A dart slug (D:1)
  A leopard gecko (D:2)
  4 bats
  2 giant cockroaches
  10 goblins
  4 hobgoblins
  3 frilled lizards
  10 kobolds
  9 rats
45 creatures vanquished.

Notes
Turn   | Place    | Note
-------+----------+-------------------------------------------
     0 | D:1      | miscthings the Mummy Fighter began the quest for the Orb.
     0 | D:1      | Reached XP level 1. HP: 18/18 MP: 1/1
   139 | D:1      | Reached XP level 2. HP: 16/24 MP: 2/2
   713 | D:2      | Reached XP level 3. HP: 29/29 MP: 3/3
  1226 | D:3      | Noticed Grinder
  1353 | D:3      | Paralysed by Grinder for 6 turns
  1363 | D:3      | Slain by an adder

Illustrated notes

Levels and vault maps discovered:
D:1:      onia_arrival_mini_maze, layout_rooms, minmay_tromino_v4_b
D:2:      layout_basic
D:3:      layout_loops_ring, uniq_grinder

Skill      XL: |  1  2  3 |
---------------+----------+-----
Long Blades    | 2 3 |  3.4
Fighting       | |  3.0
Armour         | |  2.4
Shields        | |  2.4

Action                   || total
-------------------------++-------
Melee: Long sword        ||   121
Armor: Scale mail        ||    46
Dodge: Dodged            ||    46
Block: Kite shield       ||    51
       Buckler           ||     6
       Rpst.: Long sword ||    12

Table legend: (Time is in decaauts)
 A = Elapsed time spent in this place.
 B = Non-inter-level travel time spent in this place.
 C = Inter-level travel time spent in this place.
 D = Time resting spent in this place.
 E = Time spent auto-exploring this place.
 F = Levels seen in this place.
 G = Mean time per level.
                   A        B        C        D        E       F      G
               +--------+--------+--------+--------+--------+-----+--------+
         Total |   1410 |   1248 |    162 |     87 |    713 |   3 |  470.0 |
       Dungeon |   1410 |   1248 |    162 |     87 |    713 |   3 |  470.0 |
               +--------+--------+--------+--------+--------+-----+--------+

Top non-repeatable levels by time:
     D:1: 731 daAuts
     D:2: 565 daAuts
     D:3: 113 daAuts
